 Dungeon Crawl Stone Soup version 0.31.0-11-ge490571c62 (console) character file.

Game seed: 13089450832267945890

805 AlterAsc the Cleaver (level 7, 0/57 HPs)
             Began as a Hill Orc Fighter on Feb 10, 2024.
             Was a Follower of Uskayaw.
             Slain by Edmund
             ... wielding a +4 dire flail of protection
              (1 damage)
             ... on level 5 of the Dungeon.
             The game lasted 00:07:25 (3784 turns).

AlterAsc the Cleaver (Hill Orc Fighter)             Turns: 3784, Time: 00:07:25

Health: 0/57       AC:  8    Str: 33    XL:     7   Next: 91%
Magic:  7/7        EV: 10    Int:  8    God:    Uskayaw [*.....]
Gold:   164        SH:  0    Dex: 10    Spells: 6/6 levels left

rFire   . . .        t - +0 battleaxe
rCold   . . .        (shield currently unavailable)
rNeg    . . .        b - +0 scale mail
rPois   .            q - +0 helmet
rElec   .            (no cloak)
rCorr   .            (no gloves)
SInv    .            (no boots)
Will    .....        (no amulet) Stlth
                     w - +6 ring of strength
HPRegen 0.29/turn    x - +6 ring of strength
MPRegen 0.10/turn

%: no passive effects
@: brilliant, attractive
A: no striking features
a: Renounce Religion, Stomp


You were on level 5 of the Dungeon.
You worshipped Uskayaw.
Uskayaw was noncommittal.
You visited 1 branch of the dungeon, and saw 5 of its levels.

You collected 164 gold pieces.

Inventory:

Hand Weapons
 a - a +0 war axe
 t - a +0 battleaxe (weapon)
 A - a +2 spear of flaming
Missiles
 n - 11 poisoned darts (quivered)
 v - 6 curare-tipped darts
 C - 6 javelins
Armour
 b - a +0 scale mail (worn)
 c - a +0 buckler
 q - a +0 helmet (worn)
Jewellery
 d - a +6 ring of dexterity
 r - a ring of positive energy
 w - a +6 ring of strength (left hand)
 x - a +6 ring of strength (right hand)
Wands
 z - a wand of paralysis (9)
 D - a wand of flame (12)
Scrolls
 g - a scroll of vulnerability {unknown}
 h - 2 scrolls of teleportation {unknown}
 j - a scroll of amnesia {unknown}
 k - a scroll of fear {unknown}
 l - 4 scrolls of identify {unknown}
 o - 2 scrolls of immolation {unknown}
 p - a scroll of enchant weapon {unknown}
 u - a scroll of enchant armour {unknown}
 y - a scroll of revelation {unknown}
Potions
 e - 2 potions of degeneration {unknown}
 f - 2 potions of attraction
 i - a potion of invisibility {unknown}
 m - 2 potions of brilliance
 s - a potion of heal wounds {unknown}
 B - a potion of haste {unknown}


   Skills:
 - Level 3.6 Fighting
 + Level 11.4 Axes
 - Level 3.2 Armour
 - Level 3.2 Shields


You had 6 spell levels left.
You didn't know any spells.
Your spell library contained the following spells:

 Spells                   Type           Power      Damage    Failure   Level
 Foxfire                  Conj/Fire      0%         2x1d4     63%         1
 Plasma Beam              Fire/Air       0%         2x1d10    100%        6
 Starburst                Conj/Fire      0%         6d3       100%        6


Dungeon Overview and Level Annotations

Branches:
Dungeon (5/15)
 Temple: D:4-7

Altars:
Cheibriados
Fedhas
Kikubaaqudgha
Ru
Uskayaw
The Shining One

Shops:
D:5 :

Annotations:
D:4 3 runed translucent doors, Fildev's ghost, novice DEFE; Pokrew's ghost, amateur GnHu; paavali's ghost, amateur FoHu
D:5 Edmund


Message History

You kill Eustachio!
The crimson imp disappears in a puff of smoke!
The white imp disappears in a puff of smoke!
Your Axes skill increases to level 11!
D - a wand of flame (12)
Things that are here:
a +0 falchion; a +0 leather armour HP restored.
Edmund and an adder come into view.
Edmund is wielding a +4 dire flail of protection.
Found Ughuq's Book Shop.
Edmund shouts!
The adder hisses angrily.
You hear a shout!
You barely miss Edmund. Edmund misses you.
You barely miss Edmund. Edmund hits you but does no damage.
You completely miss Edmund.
Edmund hits you with a +4 dire flail of protection!
You closely miss Edmund.
Edmund hits you with a +4 dire flail of protection!
You hit Edmund but do no damage.
Edmund hits you with a +4 dire flail of protection!
You closely miss Edmund.
Edmund hits you with a +4 dire flail of protection!
* * * LOW HITPOINT WARNING * * *
An ufetubus comes into view.
Press: ? - help, v - describe, . - travel
Here: Edmund, wielding a +4 dire flail of protection and wearing a +0 chain mail The floor.
Edmund hits you with a +4 dire flail of protection!
* * * LOW HITPOINT WARNING * * *
Okay, then.
Okay, then.
It was a potion of attraction.
You feel attractive to monsters.
Edmund hits you with a +4 dire flail of protection.
* * * LOW HITPOINT WARNING * * *
It was a potion of brilliance.
You feel clever all of a sudden.
Edmund hits you with a +4 dire flail of protection.
You die...
Edmund says, "That'll show my brother!"

###### ......#
....∩
#..#########
#..5S@@....#
##.#######)# #.
#.# ######## ..
#.# #....... ##.
#.# #.###### #.
.#####.#####.# #
5.<.............#
###
....#####....####
#_# ####.# ##.#
#.# #... #.#
##...


You could see Edmund, an adder and an ufetubus.

Vanquished Creatures
  Sigmund (D:4)
  Eustachio (D:5)
  A phantom (D:4)
  A scorpion (D:5)
  2 bombardier beetles (D:3)
  A hound (D:5)
  2 iguanas (D:4)
  Robin (D:3)
  10 gnolls
  5 adders
  3 ribbon worms
  3 dart slugs
  7 endoplasms
  3 giant cockroaches
  7 hobgoblins
  2 jackals (D:2)
  4 kobolds
  3 quokkas
  3 ball pythons
  4 bats
  2 frilled lizards (D:2)
  14 goblins
  4 rats
84 creatures vanquished.

Notes
Turn   | Place    | Note
-------+----------+-------------------------------------------
     0 | D:1      | AlterAsc the Hill Orc Fighter began the quest for the Orb.
     0 | D:1      | Reached XP level 1. HP: 19/19 MP: 1/1
   265 | D:1      | Reached skill level 3 in Axes
   390 | D:1      | Reached XP level 2. HP: 24/26 MP: 2/2
   806 | D:1      | Reached skill level 4 in Axes
   906 | D:1      | Reached XP level 3. HP: 15/31 MP: 3/3
  1082 | D:2      | Reached skill level 5 in Axes
  1343 | D:2      | Reached XP level 4. HP: 39/39 MP: 4/4
  1399 | D:2      | Reached skill level 6 in Axes
  1995 | D:2      | Reached XP level 5. HP: 32/45 MP: 5/5
  2124 | D:3      | Reached skill level 7 in Axes
  2172 | D:3      | Found a faded altar of an unknown god.
  2208 | D:3      | Noticed Robin
  2216 | D:3      | Killed Robin
  2369 | D:3      | Reached skill level 8 in Axes
  2369 | D:3      | Reached XP level 6. HP: 51/51 MP: 6/6
  2736 | D:4      | Noticed Sigmund
  2750 | D:4      | Killed Sigmund
  2751 | D:4      | Reached skill level 9 in Axes
  2929 | D:4      | Found a runed translucent gate.
  2930 | D:4      | Found a runed translucent gate.
  2930 | D:4      | Found a runed translucent gate.
  2931 | D:4      | Noticed Fildev's ghost (novice DEFE)
  2931 | D:4      | Noticed paavali's ghost (amateur FoHu)
  2931 | D:4      | Noticed Pokrew's ghost (amateur GnHu)
  2995 | D:4      | Reached XP level 7. HP: 47/57 MP: 7/7
  3030 | D:4      | Found a snail-covered altar of Cheibriados.
  3241 | D:4      | Found an ancient bone altar of Kikubaaqudgha.
  3415 | D:4      | Reached skill level 10 in Axes
  3544 | D:3      | Prayed at the altar of an unknown god.
  3544 | D:3      | Became a worshipper of the Shining One
  3544 | D:3      | Reached * piety under the Shining One
  3613 | D:5      | Entered Level 5 of the Dungeon
  3670 | D:5      | Found a hide-covered altar of Uskayaw.
  3674 | D:5      | Found a blossoming altar of Fedhas.
  3683 | D:5      | Fell from the grace of the Shining One
  3683 | D:5      | Became a worshipper of Uskayaw the Reveller
  3698 | D:5      | Found a sacrificial altar of Ru.
  3736 | D:5      | Noticed Eustachio
  3744 | D:5      | Reached * piety under Uskayaw
  3745 | D:5      | Reached ** piety under Uskayaw
  3746 | D:5      | Killed Eustachio
  3747 | D:5      | Reached skill level 11 in Axes
  3773 | D:5      | Found Ughuq's Book Shop.
  3773 | D:5      | Noticed Edmund
  3783 | D:5      | HP: 1/57 [Edmund/+4 dire flail of protection (3)]
  3784 | D:5      | Slain by Edmund

Illustrated notes

Levels and vault maps discovered:
D:1:      matt_arrival_los_fun, layout_basic
D:2:      layout_basic
D:3:      layout_basic, shapermc_ecumenical_altar_starsandcircs,
          chequers_serial_rivers_micro_c, uniq_robin
D:4:      layout_loops_ring, cheibriados_altar_1, mainiacjoe_overflow_catwalk,
          gammafunk_ghost_cemetery, eino_small_chamber_without_monster,
          uniq_sigmund
D:5:      layout_loops_ring, minmay_overflow_temple_star_quad, serial_shops,
          shop, kennysheep_mini, nicolae_shop_pleasant_corner_grove, shop,
          uniq_duvessa, uniq_edmund, uniq_eustachio, uniq_grinder

Skill      XL: |  1  2  3  4  5  6  7 |
---------------+----------------------+-----
Axes           | 3 4 5 6 8 9 11 | 11.4
Fighting       | |  3.6
Armour         | |  3.2
Shields        | |  3.2

Action                     |  1- 3 |  4- 6 |  7- 9 || total
---------------------------+-------+-------+-------++-------
  Melee: War axe           |    67 |    90 |       ||   157
         Battleaxe         |       |    31 |    45 ||    76
    Use: Potion            |       |     1 |     2 ||     3
 Armour: Scale mail        |    47 |    87 |    33 ||   167
  Dodge: Dodged            |    25 |    64 |    21 ||   110
  Block: Buckler           |    23 |    23 |       ||    46
